 Dungeon Crawl Stone Soup version 0.29.1-2-gbd0b4ee654 (webtiles) character file.

Game seed: 16105907885324263964

53 Nerdsrcool the Conjurer (level 3, -1/19 HPs)
             Began as a Deep Elf Conjurer on Nov 1, 2022.
             Slain by Terence
             ... wielding a +0 falchion
              (7 damage)
             ... on level 2 of the Dungeon.
             The game lasted 00:05:37 (1794 turns).

Nerdsrcool the Conjurer (Deep Elf Conjurer)         Turns: 1794, Time: 00:05:37

Health: -1/19      AC:  2    Str:  4    XL:     3   Next: 62%
Magic:  9/10       EV: 13    Int: 24    God:
Gold:   44         SH:  0    Dex: 19    Spells: 8/9 levels left

rFire   . . .      SeeInvis .   h - +0 short sword
rCold   . . .      Faith    .   (no shield)
rNeg    . . .      Spirit   .   a - +0 robe
rPois   .          Reflect  .   (no helmet)
rElec   .          Harm     .   (no cloak)
rCorr   .          Rampage  .   (no gloves)
Will    .....                   (no boots)
Stlth   +++.......              i - amulet of the acrobat
HPRegen 0.06/turn               d - ring of wizardry
MPRegen 0.12/turn               f - +6 ring of dexterity

@: no status effects
A: no striking features
a: no special abilities


You were on level 2 of the Dungeon.
You visited 1 branch of the dungeon, and saw 2 of its levels.

You collected 44 gold pieces.

Inventory:

Hand Weapons
 c - a +0 dagger
 h - a +0 short sword (weapon)
Armour
 a - a +0 robe (worn)
Jewellery
 d - a ring of wizardry (left hand)
 f - a +6 ring of dexterity (right hand)
 i - an amulet of the acrobat (around neck)
Scrolls
 e - a scroll of blinking {unknown}
 g - a scroll of immolation {unknown}
 l - a scroll of identify {unknown}
 m - a scroll of enchant weapon {unknown}
 o - a scroll of amnesia {unknown}
Potions
 b - a potion of magic
 j - a potion of brilliance {unknown}
 k - 2 potions of curing {unknown}
 n - a potion of heal wounds {unknown}


   Skills:
 + Level 3.3 Dodging
 + Level 3.2 Stealth
 + Level 3.8 Spellcasting
 + Level 4.8 Conjurations


You had 8 spell levels left.
You knew the following spells:

 Your Spells              Type           Power      Damage    Failure   Level
a - Magic Dart            Conj           100%       1d8       1%          1

Your spell library contained the following spells:

 Spells                   Type           Power      Damage    Failure   Level
 Searing Ray              Conj           54%        2d6       1%          2
 Slow                     Hex            16%        N/A       4%          1
 Dazzling Flash           Conj/Hex       32%        N/A       4%          3
 Blink                    Tloc           8%         N/A       6%          2
 Fulminant Prism          Conj/Hex       8%         3d7       16%         4
 Iskenderun's Mystic Bla  Conj/Tloc      16%        2d5       16%         4
 Manifold Assault         Tloc           4%         N/A       69%         5
 Metabolic Englaciation   Hex/Ice        2%         N/A       69%         5
 Summon Forest            Summ/Tloc      2%         N/A       69%         5
 Storm Form               Tmut/Air       2%         N/A       100%        7


Dungeon Overview and Level Annotations

Branches:
Dungeon (2/15)

Altars:

Annotations:
D:2 Terence


Message History

Terence is severely wounded.
Terence closely misses you.
You hit Terence.
Terence is almost dead.
Terence misses you.
You barely miss Terence.
Terence is almost dead.
Terence hits you with a +0 falchion!
Ouch! That really hurt!
There is an escape hatch in the ceiling here.
Terence attacks as you move away! Terence completely misses you.
Terence attacks as you move away! Terence misses you.
Terence attacks as you move away! Terence completely misses you.
You see here a frilled lizard corpse.
Terence attacks as you move away! Terence barely misses you.
Terence attacks as you move away! Terence completely misses you.
Terence attacks as you move away! Terence completely misses you.
Terence attacks as you move away! Terence closely misses you.
Terence attacks as you move away! Terence misses you.
Terence attacks as you move away! Terence completely misses you.
Terence looks scornfully at you. Terence attacks as you move away!
Terence barely misses you. Terence attacks as you move away!
Terence closely misses you. Terence hits you but does no damage.
Terence attacks as you move away! Terence hits you with a +0 falchion.
* * * LOW HITPOINT WARNING * * *
You are too injured to fight recklessly!
Aiming: Magic Dart (safe; 1% risk of failure)
Press: ? - help, Q - select action Shift-Dir - straight line, f/p - Terence
Aim: Terence, wielding a +0 falchion and wearing a +0 chain mail (almost dead, 100% to hit)
The magic dart hits Terence but does no damage.
Terence is almost dead.
Terence barely misses you.
You hit Terence but do no damage.
Terence is almost dead.
Terence misses you.
You hit Terence but do no damage.
Terence is almost dead.
Terence hits you with a +0 falchion!
You die...

...# ######..###
#....#....#
#.##.#....#
#.#.......#.#####
#####.####.#<.#......
...#......#.########
#####.######.#......#
#.....@@...########.#
#.###.####.# #.### #.
#.# #.†.( #. #.#
###.... #. #.#
###...... #. #.#
#........ #. #.#
##.#####.. #.......
## #.# #..#)#.#..
#......# #.#
#..#...#..


You could see Terence.

Vanquished Creatures
  A worm (D:2)
  4 endoplasms
  A giant cockroach (D:1)
  9 goblins
  4 hobgoblins
  11 jackals (D:1)
  A quokka (D:1)
  4 ball pythons
  3 frilled lizards
  3 kobolds (D:1)
  A rat (D:1)
42 creatures vanquished.

Notes
Turn   | Place    | Note
-------+----------+-------------------------------------------
     0 | D:1      | Nerdsrcool the Deep Elf Conjurer began the quest for the
                  | Orb.
     0 | D:1      | Reached XP level 1. HP: 10/10 MP: 6/6
     7 | D:1      | Got Pics's Atlas of the Spellbinding Tesseract
   104 | D:1      | Found a faded altar of an unknown god.
   248 | D:1      | Reached XP level 2. HP: 15/15 MP: 6/8
   611 | D:1      | Reached XP level 3. HP: 19/19 MP: 8/10
  1723 | D:2      | Noticed Terence
  1794 | D:2      | Slain by Terence

Illustrated notes

Levels and vault maps discovered:
D:1:      co_arrival_square_in_a_square_in_a_square, layout_basic,
          serial_rivers, chequers_serial_rivers_room_b,
          chequers_serial_rivers_small_3, chequers_serial_rivers_small_b,
          chequers_serial_rivers_micro_a, basic_ecumenical_altar
D:2:      layout_basic, minmay_split_cup_large, uniq_terence

Skill      XL: |  1  2 |
---------------+-------+-----
Stealth        | 3 |  3.2
Dodging        | 3 |  3.3
Spellcasting   | |  3.8
Conjurations   | |  4.8

Action                   || total
-------------------------++-------
Melee: Short sword       ||     6
 Cast: Magic Dart        ||    79
Armor: Robe              ||     1
Dodge: Dodged            ||    20
